Map: Ulrena

Players

Soundwave - Winner!

  • Race: Zerg Zerg

A.I. 1 (Very Hard)

  • Race: Zerg Zerg

VOD

Have the link to the VOD?

Description

Time

  • Played on: Nov. 16, 2015, 1:21 p.m.
  • Length: 18:21
Show
View Real Time Build Order
Export as new Build Order

Soundwave Zerg - Winner!

Build Orders: Hatch First, Lurkers 

Get SALT Encoding   

  12  0:09  Drone x2  
  14  0:17  Overlord  
  15  0:35  Drone x2  
  15  0:41  Drone  
  17  0:57  Hatchery  
  16  1:11  Spawning Pool  
  16  1:13  Drone  
  16  1:14  Drone  
  16  1:17  Drone  
  18  1:22  Extractor  
  17  1:36  Drone x2  
  19  1:58  Zergling x2  
  20  2:05  Drone  
  21  2:12  Extractor  
  21  2:13  Drone x2  
  22  2:17  Queen  
  22  2:19  Queen  
  26  2:23  Overlord  
  26  2:25  Metabolic Boost  
  26  2:27  Zergling x2  
  27  2:40  Zergling x2  
  27  2:41  Zergling x4  
  30  2:57  Drone x3  
  32  3:12  Drone x3  
  33  3:20  Lair  
  33  3:25  Queen  
  35  3:28  Overlord  
  35  3:38  Overlord x2  
  35  3:43  Zergling x2  
  36  4:14  Hatchery, Zergling x2  
  36  4:15  Zergling x14  
  36  4:16  Zergling x6  
  46  4:23  Drone, Overlord  
  47  4:25  Overseer  
  47  4:33  Queen  
  47  4:35  Drone  
  47  4:38  Drone  
  51  4:40  Drone  
  51  4:43  Drone  
  51  4:45  Drone  
  54  5:07  Hydralisk Den  
  54  5:12  Evolution Chamber  
  54  5:13  Evolution Chamber, Drone x3  
  54  5:19  Drone x3, Extractor  
  54  5:21  Extractor  
  55  5:22  Drone x3  
  55  5:25  Drone x2  
  60  5:45  Drone  
  60  5:46  Drone x3  
  60  5:48  Hydralisk x3  
  70  5:56  Zerg Melee Weapons Level 1  
  70  5:59  Zerg Ground Armor Level 1  
  70  6:04  Muscular Augments  
  70  6:25  Hydralisk x2  
  70  6:28  Overlord x2  
  70  6:29  Overlord x3  
  74  7:02  Hydralisk x2, Zergling x10  
  74  7:03  Hydralisk x4, Infestation Pit  
  90  7:32  Hydralisk x4  
  90  7:33  Hydralisk x4  
  106  7:38  Lurker Den  
  106  7:44  Zergling x2  
  106  7:45  Zergling x6  
  110  7:53  Hive  
  110  8:05  Drone x4  
  112  8:07  Overlord x2  
  114  8:28  Zerg Melee Weapons Level 2  
  114  8:33  Zerg Ground Armor Level 2  
  114  8:40  Burrow  
  114  8:41  Hydralisk  
  114  8:42  Hydralisk x3  
  122  8:59  Drone x3  
  122  9:00  Drone, Overlord x2  
  122  9:01  Overlord x2  
  122  9:02  Overseer  
  126  9:06  Lurker x3  
  126  9:07  Lurker  
  102  9:35  Hydralisk  
  102  9:36  Hydralisk x6  
  111  9:56  Extractor  
  111  9:57  Drone x2  
  111  9:58  Drone, Extractor  
  111  9:59  Drone x2  
  114  10:00  Overlord x2  
  114  10:01  Hydralisk x4  
  114  10:02  Hydralisk x2  
  126  10:38  Drone x5  
  131  10:43  Spine Crawler  
  131  10:44  Spine Crawler  
  131  10:45  Spine Crawler  
  128  10:54  Hatchery  
  127  11:10  Hydralisk x4  
  127  11:11  Hydralisk x3  
  135  11:15  Zerg Melee Weapons Level 3  
  135  11:16  Zerg Ground Armor Level 3  
  135  11:17  Adrenal Glands  
  141  11:19  Zergling x6  
  144  11:29  Lurker  
  144  11:30  Lurker  
  146  11:33  Zergling x8  
  146  11:34  Zergling x6  
  153  11:53  Hydralisk  
  153  11:54  Hydralisk  
  153  11:55  Zergling x4  
  153  11:56  Zergling x10  
  153  12:00  Lurker  
  153  12:01  Lurker x2  
  167  12:02  Lurker  
  168  12:19  Ultralisk Cavern  
  168  12:21  Spore Crawler  
  166  12:25  Spore Crawler  
  165  12:32  Drone x4  
  165  12:34  Overlord x6  
  169  13:30  Ultralisk x4  
  169  13:31  Ultralisk  
  199  13:34  Zergling x2  
  199  13:37  Extractor  
  199  13:40  Extractor  
  178  14:25  Hydralisk x4  
  178  14:26  Hydralisk x7  
  197  14:33  Hydralisk  
  196  14:47  Zergling x8  
  196  14:48  Zergling x2  
  193  15:02  Zergling x8  
  193  15:03  Zergling x4  
  198  15:27  Hydralisk x2  
  200  15:28  Zergling x2  
  193  15:45  Chitinous Plating  
  193  15:48  Zerg Missile Weapons Level 1  
  193  15:50  Hydralisk x3  
  199  16:45  Zergling x2  
  198  17:07  Extractor  
  197  17:09  Hatchery, Extractor  
  189  17:47  Hydralisk x4  
  189  17:48  Hydralisk  
  189  17:49  Zergling x4  
  189  17:50  Zergling x2  
Show
View Real Time Build Order
Export as new Build Order

A.I. 1 (Very Hard) Zerg 

Build Orders: Pool First 

Get SALT Encoding   

  12  0:00  Drone  
  13  0:12  Overlord  
  13  0:17  Drone  
  14  0:30  Drone x2  
  14  0:34  Drone  
  17  0:48  Drone, Spawning Pool  
  17  1:11  Hatchery  
  17  1:13  Drone  
  17  1:17  Extractor  
  16  1:18  Extractor  
  16  1:21  Drone  
  16  1:25  Drone  
  17  1:29  Drone  
  18  1:38  Drone  
  19  1:48  Overlord  
  19  1:58  Queen  
  21  2:04  Zergling x2  
  22  2:10  Drone  
  23  2:25  Queen  
  25  2:31  Drone  
  25  2:37  Drone  
  27  2:41  Zergling x2  
  27  2:45  Drone  
  27  2:49  Drone  
  29  3:05  Roach Warren  
  28  3:06  Drone  
  28  3:09  Drone  
  29  3:13  Zergling x2  
  29  3:16  Zergling x2  
  31  3:21  Zergling x2  
  32  3:27  Overlord  
  32  3:31  Drone  
  32  3:33  Drone  
  32  3:43  Queen  
  34  3:49  Roach  
  34  3:53  Roach  
  38  3:57  Roach  
  38  4:00  Roach  
  42  4:09  Lair  
  42  4:14  Overlord  
  42  4:19  Overlord  
  42  4:21  Zergling x2  
  43  4:32  Drone x2, Zergling x4  
  43  4:34  Drone  
  43  4:37  Drone  
  49  4:38  Drone  
  49  4:43  Overlord  
  50  4:48  Roach  
  50  4:52  Roach  
  54  4:54  Roach  
  54  4:58  Roach  
  58  5:02  Overlord  
  58  5:10  Hydralisk Den  
  58  5:12  Drone  
  58  5:14  Drone  
  58  5:16  Drone  
  58  5:18  Drone  
  58  5:20  Drone  
  62  5:22  Drone  
  62  5:24  Drone  
  62  5:26  Drone  
  65  5:29  Drone  
  65  5:33  Overlord  
  65  5:35  Drone  
  67  5:37  Drone  
  67  5:39  Drone  
  67  5:40  Drone  
  67  5:41  Hydralisk  
  72  5:43  Hydralisk  
  72  5:47  Hydralisk  
  76  5:50  Hydralisk  
  76  5:53  Overlord  
  76  5:55  Drone  
  80  5:57  Drone  
  80  5:59  Drone  
  80  6:01  Hydralisk  
  83  6:07  Baneling Nest, Hydralisk  
  84  6:11  Ravager  
  84  6:12  Roach  
  84  6:14  Overlord  
  84  6:15  Ravager  
  84  6:17  Roach  
  90  6:20  Roach  
  91  6:31  Hydralisk  
  91  6:32  Evolution Chamber  
  92  6:36  Overlord, Infestation Pit  
  92  6:38  Drone  
  92  6:40  Drone  
  92  6:42  Hydralisk  
  92  6:45  Roach  
  97  6:51  Baneling x4  
  97  6:52  Baneling x3  
  97  6:54  Hatchery  
  97  6:59  Zerg Missile Weapons Level 1  
  96  7:01  Overlord  
  96  7:03  Drone  
  96  7:05  Roach  
  99  7:09  Overseer  
  99  7:11  Infestor  
  99  7:14  Extractor  
  99  7:15  Drone  
  101  7:21  Extractor  
  101  7:22  Drone  
  101  7:27  Evolution Chamber, Drone  
  101  7:29  Overlord, Infestor  
  103  7:31  Spine Crawler  
  103  7:32  Drone  
  103  7:33  Zergling x2  
  103  7:34  Baneling  
  104  7:37  Drone x2  
  104  7:38  Baneling  
  104  7:39  Zergling x2  
  104  7:43  Drone  
  104  7:44  Drone x2  
  109  7:48  Overlord  
  110  7:56  Centrifical Hooks  
  110  8:01  Spine Crawler  
  109  8:07  Drone x2, Queen  
  109  8:08  Drone x4  
  109  8:09  Drone x3  
  109  8:12  Drone  
  121  8:13  Drone  
  121  8:17  Overlord  
  121  8:19  Drone  
  123  8:21  Drone  
  123  8:25  Drone x2  
  123  8:27  Drone  
  127  8:29  Drone  
  127  8:30  Drone  
  127  8:31  Extractor  
  127  8:32  Drone  
  127  8:33  Drone  
  130  8:35  Drone  
  130  8:36  Drone  
  130  8:38  Overlord  
  132  8:42  Muscular Augments  
  132  8:46  Zerg Ground Armor Level 1  
  132  8:48  Spore Crawler  
  132  8:49  Drone  
  132  8:50  Zergling x2, Baneling  
  132  8:52  Drone  
  132  8:53  Drone  
  132  8:54  Drone  
  135  8:56  Hydralisk  
  135  8:59  Overlord  
  135  9:01  Hydralisk  
  139  9:03  Hydralisk  
  139  9:05  Hydralisk  
  139  9:09  Roach  
  145  9:10  Spore Crawler  
  145  9:14  Baneling  
  145  9:17  Overlord  
  144  9:19  Baneling x2, Zergling x2  
  144  9:20  Zergling x2  
  144  9:21  Hydralisk  
  139  9:24  Hydralisk  
  139  9:27  Roach  
  139  9:28  Roach  
  139  9:30  Roach  
  131  9:32  Roach  
  131  9:34  Roach  
  131  9:36  Roach  
  131  9:38  Roach  
  120  9:40  Roach  
  120  9:41  Roach  
  120  9:44  Hydralisk  
  120  9:48  Hydralisk  
  120  9:52  Hydralisk  
  124  9:53  Extractor  
  124  9:54  Lurker Den  
  124  9:56  Hydralisk  
  125  10:00  Hydralisk  
  125  10:03  Hydralisk  
  129  10:07  Hydralisk  
  129  10:10  Hydralisk  
  133  10:15  Spine Crawler  
  133  10:16  Ravager  
  133  10:17  Spine Crawler  
  133  10:18  Spine Crawler  
  133  10:19  Roach  
  133  10:24  Ravager  
  133  10:25  Roach  
  133  10:27  Roach  
  138  10:29  Roach  
  140  10:36  Hatchery  
  140  10:41  Hive  
  139  10:53  Queen  
  141  10:57  Spine Crawler  
  141  10:59  Zerg Missile Weapons Level 2  
  141  11:00  Spore Crawler  
  141  11:03  Spine Crawler  
  138  11:04  Spore Crawler  
  138  11:06  Spore Crawler  
  138  11:08  Evolution Chamber  
  135  11:13  Zerg Ground Armor Level 2  
  135  11:19  Glial Reconstitution  
  135  11:20  Zergling x2  
  135  11:23  Lurker  
  135  11:25  Hydralisk  
  139  11:29  Lurker  
  139  11:32  Hydralisk, Zergling x2  
  141  11:35  Spore Crawler  
  141  11:36  Zergling x2  
  141  11:37  Zergling x2  
  141  11:38  Metabolic Boost  
  144  11:41  Spine Crawler  
  143  11:50  Drone  
  143  11:51  Drone x3, Zerg Melee Weapons Level 1  
  143  11:52  Drone x3  
  143  11:53  Drone x3, Viper, Overlord  
  143  11:54  Drone x4  
  157  11:55  Drone  
  157  11:56  Hatchery, Extractor  
  157  11:57  Drone x2, Overseer  
  161  12:03  Overseer  
  161  12:15  Overlord  
  161  12:17  Spire  
  161  12:18  Drone  
  161  12:20  Drone, Extractor  
  161  12:43  Spine Crawler  
  161  12:44  Drone  
  161  12:59  Viper  
  161  13:00  Overlord  
  161  13:01  Pneumatized Carapace  
  164  13:08  Queen  
  164  13:09  Spine Crawler  
  164  13:10  Drone  
  164  13:12  Spore Crawler  
  165  13:13  Drone  
  165  13:15  Hatchery, Drone, Spine Crawler  
  165  13:16  Drone  
  166  13:20  Spore Crawler  
  166  13:21  Drone  
  166  13:22  Extractor  
  166  13:24  Drone  
  166  13:27  Extractor  
  166  13:28  Corruptor  
  166  13:29  Drone, Corruptor x3  
  166  13:30  Corruptor x2  
  166  13:32  Mutalisk, Greater Spire  
  180  13:34  Mutalisk  
  180  13:39  Mutalisk  
  176  13:44  Mutalisk  
  165  13:48  Mutalisk  
  165  13:53  Mutalisk  
  167  13:57  Mutalisk  
  167  14:00  Spine Crawler  
  167  14:02  Mutalisk, Drone  
  168  14:06  Roach  
  168  14:07  Spine Crawler, Roach  
  168  14:08  Drone, Roach  
  168  14:09  Hydralisk, Roach x3  
  182  14:10  Hydralisk, Roach x2  
  182  14:13  Roach  
  182  14:14  Hydralisk, Roach, Zergling x2  
  179  14:19  Mutalisk  
  139  14:24  Mutalisk  
  139  14:29  Corruptor  
  130  14:33  Corruptor  
  132  14:38  Corruptor  
  132  14:40  Zergling x2  
  132  14:43  Corruptor  
  132  14:45  Roach  
  133  14:46  Roach  
  133  14:48  Mutalisk  
  133  14:49  Drone  
  133  14:52  Drone x2  
  103  14:54  Mutalisk, Drone  
  103  14:55  Drone  
  103  14:56  Drone x2  
  103  14:59  Drone x4  
  103  15:00  Drone x3, Mutalisk  
  103  15:01  Drone  
  103  15:02  Baneling  
  103  15:04  Drone  
  103  15:06  Drone  
  96  15:07  Mutalisk  
  89  15:19  Zergling x2  
  89  15:20  Zergling x2  
  90  15:22  Roach  
  90  15:24  Roach  
  90  15:27  Roach  
  85  15:28  Roach  
  85  15:31  Roach  
  85  15:32  Hatchery, Hydralisk  
  77  15:45  Zergling x2  
  77  15:48  Overlord  
  76  15:50  Hatchery  
  76  15:51  Overlord  
  76  15:53  Spawning Pool  
  76  15:56  Overlord  
  71  16:20  Overlord  
  71  16:22  Drone  
  72  16:27  Drone  
  73  16:40  Overlord  
  73  16:43  Roach Warren  
  73  16:44  Lair  
  73  16:46  Spore Crawler  
  71  16:47  Zergling x2  
  71  16:52  Evolution Chamber  
  70  16:58  Overlord, Drone x2  
  57  17:17  Drone x2  
  57  17:19  Drone  
  57  17:21  Drone  
  51  17:24  Drone x2  
  51  17:26  Ravager, Roach  
  48  17:38  Roach  
  42  17:46  Zergling x2  
  42  17:47  Roach x2  
  42  17:48  Roach  
Tags
 
Composition
Lurkers
Matchup
ZvZ
Race
Zerg
Replay Pack
First Pack
Add a new tag
Caveats
  • Supply blocks, unpowered buildings, or Contaminate may cause inaccurate times.
  • Supply counts are checked every 10 seconds.